[Event "Titled Tuesday Blitz January 10 Late 2023"]
[White "Nazari, Arad"]
[Black "Jones, Gawain C B"]
[WhiteFideId "12577324"]
[BlackFideId "409561"]
[WhiteElo "2367"]
[BlackElo "2618"]
[Result "1-0"]
[Round "03"]
[TimeControl "180+2"]
[Date "2023.01.10"]
[WhiteClock "0:00:16"]
[BlackClock "0:00:01"]

1. e4 e5 2. f4 exf4 3. Nf3 d6 4. Bc4 h6 5. h4 Nf6 6. Nc3 Nc6 7. d4 Nh5 8. Nd5 Be6 9. Qd3 g5 10. hxg5 hxg5 11. Bd2 g4 12. Ng1 Bg7 13. Ne2 Qd7 14. Ndxf4 Bxc4 15. Qxc4 Nxf4 16. Rxh8+ Bxh8 17. Bxf4 Qe7 18. d5 Ne5 19. Qb5+ c6 20. dxc6 bxc6 21. Qa4 Qb7 22. O-O-O Nc4 23. Qxc4 Qxb2+ 24. Kd2 Qb6 25. Rb1 Qxb1 26. Qxc6+ Kf8 27. Qxa8+ Kg7 28. Bxd6 Kh7 29. Qd5 Bg7 30. Qxf7 Qb6 31. Qh5+ Kg8 32. Qd5+ Kh7 33. Be5 1-0


[Site "https://www.chess.com"]

[Event "Titled Tuesday Blitz January 10 Late 2023"]
[White "Skvortsov, Andrei"]
[Black "Moroni, Luca Jr"]
[WhiteFideId "24108600"]
[BlackFideId "865834"]
[WhiteElo "2313"]
[BlackElo "2535"]
[Result "0-1"]
[Round "03"]
[TimeControl "180+2"]
[Date "2023.01.10"]
[WhiteClock "0:00:06"]
[BlackClock "0:00:03"]

1. e4 g6 2. g3 Bg7 3. Bg2 c5 4. Ne2 Nc6 5. O-O d6 6. c3 e5 7. d3 Nge7 8. Be3 O-O 9. Nd2 f5 10. f4 fxe4 11. dxe4 Be6 12. Nf3 Kh8 13. fxe5 Nxe5 14. Nf4 Bg4 15. h3 Bxf3 16. Bxf3 Qd7 17. Bg2 b5 18. Qe2 Rac8 19. Rad1 a5 20. Nd3 Rxf1+ 21. Rxf1 Nxd3 22. Qxd3 Nc6 23. Bxc5 Ne5 24. Qxd6 Qxd6 25. Bxd6 Nc4 26. e5 Nxe5 27. Bxe5 Bxe5 28. g4 b4 29. cxb4 axb4 30. Rb1 Rc2 31. a4 Bxb2 32. Be4 Rd2 33. a5 Bc3 34. a6 Ra2 35. Bb7 Kg7 36. Kf1 Kf6 37. Rd1 b3 38. Rb1 b2 39. Ke2 Ke5 40. Kd3 Ra3 41. Kc2 Bd4 42. Re1+ Kf4 43. Rb1 Ra4 44. Kb3 Ra5 45. Kc4 Ra1 46. Kd3 Rxb1 47. Kxd4 Ra1 48. Kc3 b1=Q 0-1


[Site "https://www.chess.com"]

[Event "Titled Tuesday Blitz January 10 Late 2023"]
[White "Hansen, Eric"]
[Black "Dimitrov, Atanas"]
[WhiteFideId "2606771"]
[BlackFideId "2901315"]
[WhiteElo "2609"]
[BlackElo "2269"]
[Result "1-0"]
[Round "03"]
[TimeControl "180+2"]
[Date "2023.01.10"]
[WhiteClock "0:00:35"]
[BlackClock "0:00:20"]

1. Nf3 d5 2. g3 Nf6 3. Bg2 g6 4. O-O Bg7 5. c4 d4 6. d3 c5 7. b4 cxb4 8. a3 bxa3 9. Bxa3 Nc6 10. Nbd2 O-O 11. Qa4 Re8 12. Rfb1 e5 13. Ng5 Qc7 14. Nge4 Nxe4 15. Nxe4 Re6 16. Ng5 Re8 17. Bd5 Be6 18. Nxe6 fxe6 19. Rxb7 Qxb7 20. Bxc6 Qf7 21. Bxe8 Rxe8 22. Bd6 Rd8 23. c5 Bf8 24. Bxf8 Rxf8 25. f3 Rc8 26. Qb5 Qc7 27. Ra5 Qc6 28. Qc4 Rc7 29. Kf2 Kf7 30. Qa2 Qd5 31. Qa3 Qc6 32. Rxa7 Kf6 33. Rxc7 Qxc7 34. Qb4 e4 35. Qxd4+ e5 36. Qd6+ Qxd6 37. cxd6 exd3 38. exd3 Ke6 39. Ke3 Kxd6 40. f4 exf4+ 41. Kxf4 h6 42. Ke4 Ke6 43. d4 Kd6 44. d5 g5 45. g4 1-0


[Site "https://www.chess.com"]

[Event "Titled Tuesday Blitz January 10 Late 2023"]
[White "Barp, Alberto"]
[Black "Ivic, Velimir"]
[WhiteFideId "872555"]
[BlackFideId "950122"]
[WhiteElo "2432"]
[BlackElo "2595"]
[Result "0-1"]
[Round "03"]
[TimeControl "180+2"]
[Date "2023.01.10"]
[WhiteClock "0:00:19"]
[BlackClock "0:00:48"]

1. d4 Nf6 2. c4 g6 3. g3 Bg7 4. Bg2 O-O 5. Nc3 d6 6. Nf3 c6 7. O-O Bf5 8. Ng5 e5 9. d5 Qc7 10. dxc6 bxc6 11. Nge4 Nxe4 12. Nxe4 Bxe4 13. Bxe4 Nd7 14. Be3 f5 15. Bg2 e4 16. Qd2 Ne5 17. b3 Ng4 18. Bd4 e3 19. fxe3 Rae8 20. e4 Bh6 21. Qd3 c5 22. Bc3 f4 23. Qd5+ Rf7 24. Rxf4 Bxf4 25. gxf4 Ne3 26. Qg5 Nxg2 27. Qxg2 Rxf4 28. e5 dxe5 29. e3 Rf5 30. Rd1 Qf7 31. Qc6 e4 32. Kh1 Rf1+ 0-1


[Site "https://www.chess.com"]

[Event "Titled Tuesday Blitz January 10 Late 2023"]
[White "Baskakov, Egor"]
[Black "Sai Krishna G V"]
[WhiteFideId "24197866"]
[BlackFideId "5028280"]
[WhiteElo "2215"]
[BlackElo "2384"]
[Result "1-0"]
[Round "03"]
[TimeControl "180+2"]
[Date "2023.01.10"]
[WhiteClock "0:00:16"]
[BlackClock "0:00:45"]

1. e4 e5 2. Nc3 Nc6 3. g3 h5 4. h3 h4 5. g4 g5 6. Bg2 Nge7 7. Nge2 Ng6 8. d3 Bc5 9. O-O Nf4 10. Nxf4 gxf4 11. Nd5 d6 12. c3 Be6 13. d4 Bb6 14. Nxb6 axb6 15. d5 Bd7 16. dxc6 bxc6 17. c4 b5 18. cxb5 cxb5 19. b3 Qb8 20. Bb2 Qb7 21. Bf3 Bc6 22. Re1 Ra6 23. a3 Kd7 24. b4 Rha8 25. Qb3 Ke7 26. Rac1 Bd7 27. Qd3 Be6 28. Bd1 Bc4 29. Rxc4 bxc4 30. Qxc4 Rc6 31. Qd5 Rb6 32. Qd3 Qa6 33. Qc3 Rc6 34. Qf3 Rb8 35. Bb3 Rcb6 36. g5 c5 37. Qh5 c4 38. Bd1 c3 39. Bb3 cxb2 40. Qxf7+ Kd8 41. Qf8+ Kd7 42. Qf7+ Kd8 43. Be6 R6b7 44. Qf8+ Kc7 45. Qe7+ Kc6 46. Bd5+ Kb5 47. Qe6 Qxa3 48. Qxd6 Qxb4 49. Qc6+ Ka5 50. Rb1 Rb6 51. Qc7 Qd2 52. Qc5+ Ka4 53. Qc4+ Ka5 54. Qc5+ Ka4 55. Qc4+ Rb4 56. Qa6# 1-0


[Site "https://www.chess.com"]

[Event "Titled Tuesday Blitz January 10 Late 2023"]
[White "Tatarinov, Dmitry"]
[Black "Sanal, Vahap"]
[WhiteFideId "24160067"]
[BlackFideId "6300545"]
[WhiteElo "2310"]
[BlackElo "2600"]
[Result "0-1"]
[Round "03"]
[TimeControl "180+2"]
[Date "2023.01.10"]
[WhiteClock "0:00:26"]
[BlackClock "0:01:09"]

1. Nf3 d5 2. c4 c6 3. e3 Nf6 4. Nc3 Nbd7 5. cxd5 cxd5 6. d4 e6 7. Bd3 Bd6 8. O-O O-O 9. Qb3 a6 10. a4 b6 11. Bd2 Bb7 12. Rfc1 Qe7 13. Na2 Ne4 14. Bb4 Rfc8 15. Bxd6 Qxd6 16. Qb4 Qxb4 17. Nxb4 a5 18. Na2 Nd6 19. Nc3 Kf8 20. Nb5 Ke7 21. Nxd6 Kxd6 22. Bb5 Bc6 23. Bxc6 Rxc6 24. Rxc6+ Kxc6 25. Rc1+ Kd6 26. Kf1 Rb8 27. Ne1 b5 28. axb5 Rxb5 29. Nd3 Nb6 30. Rc5 Rb3 31. Ne5 f6 32. Rc6+ Ke7 33. Nd3 Kd7 34. Rxe6 Na4 35. Ra6 Rxd3 36. Rxa5 Nxb2 37. Ra7+ Ke6 38. Rxg7 Rd2 39. Rg3 Nd3 40. Rf3 f5 41. h3 h5 42. h4 Ra2 43. Kg1 Kf6 44. Kf1 Rb2 45. Kg1 Rb1+ 46. Kh2 Rf1 47. Kg3 Rh1 48. e4 dxe4 49. Rxf5+ Kxf5 50. d5 Nc1 0-1


[Site "https://www.chess.com"]

[Event "Titled Tuesday Blitz January 10 Late 2023"]
[White "Hamley, Ryan"]
[Black "Zakhartsov, Vladimir"]
[WhiteFideId "30959497"]
[BlackFideId "4145097"]
[WhiteElo "2092"]
[BlackElo "2552"]
[Result "0-1"]
[Round "03"]
[TimeControl "180+2"]
[Date "2023.01.10"]
[WhiteClock "0:00:30"]
[BlackClock "0:00:29"]

1. d4 Nf6 2. c4 e6 3. Nf3 c5 4. d5 exd5 5. cxd5 g6 6. Nc3 d6 7. e4 Bg7 8. Bf4 O-O 9. Be2 b5 10. Nd2 a6 11. O-O Re8 12. Bf3 b4 13. Ne2 Bg4 14. Ng3 h5 15. Nc4 Nxe4 16. Bxg4 hxg4 17. Qxg4 Nd7 18. Rfe1 Nef6 19. Qf3 Rxe1+ 20. Rxe1 Nb6 21. Nxd6 Nfxd5 22. Nxf7 Kxf7 23. Ne4 Kg8 24. Nxc5 Qf6 25. Ne6 Re8 26. Bd2 Rxe6 0-1


[Site "https://www.chess.com"]

[Event "Titled Tuesday Blitz January 10 Late 2023"]
[White "Leiva, Gianmarco"]
[Black "Zhigalko, Sergei"]
[WhiteFideId "3804399"]
[BlackFideId "13502956"]
[WhiteElo "2392"]
[BlackElo "2572"]
[Result "1/2-1/2"]
[Round "03"]
[TimeControl "180+2"]
[Date "2023.01.10"]
[WhiteClock "0:00:18"]
[BlackClock "0:00:19"]

1. d4 Nf6 2. Nf3 e6 3. Bf4 d5 4. e3 Bd6 5. Nbd2 O-O 6. c3 c5 7. Ne5 Nc6 8. Bd3 Qc7 9. Ndf3 h6 10. h3 Nd7 11. Nxd7 Bxd7 12. Bxd6 Qxd6 13. O-O e5 14. dxe5 Nxe5 15. Nxe5 Qxe5 16. Re1 Rad8 17. Qf3 Bc6 18. Qf5 Qxf5 19. Bxf5 g6 20. Bc2 d4 21. exd4 cxd4 22. cxd4 Rxd4 23. Rad1 Rfd8 24. Bb3 Kf8 25. Rxd4 Rxd4 26. Rd1 Re4 27. Rd2 Re1+ 28. Kh2 a5 29. Kg3 h5 30. h4 Ke7 31. Bd5 Rc1 32. f3 b6 33. Bxc6 Rxc6 34. Rd5 Rd6 35. Rb5 Kd7 36. Kf4 f6 37. g4 Kc6 38. Rb3 Rd4+ 39. Kg3 a4 40. Rc3+ Kd5 41. Rc8 Rb4 42. Rg8 hxg4 43. fxg4 Rxb2 44. Rxg6 Ke5 45. h5 Rxa2 46. h6 Ra3+ 47. Kg2 Ra2+ 48. Kg3 Ra1 49. Kg2 Ra2+ 50. Kg3 1/2-1/2


[Site "https://www.chess.com"]

[Event "Titled Tuesday Blitz January 10 Late 2023"]
[White "Chor, Kevin"]
[Black "Ibarra Jerez, Jose Carlos"]
[WhiteFideId "2090740"]
[BlackFideId "2226332"]
[WhiteElo "1944"]
[BlackElo "2563"]
[Result "0-1"]
[Round "03"]
[TimeControl "180+2"]
[Date "2023.01.10"]
[WhiteClock "0:00:08"]
[BlackClock "0:00:30"]

1. e4 c5 2. Nf3 Nc6 3. d4 cxd4 4. Nxd4 Nf6 5. Nc3 e6 6. Ndb5 Bc5 7. Nd6+ Ke7 8. Nxc8+ Rxc8 9. Be2 Qc7 10. O-O h5 11. Bg5 Kf8 12. Bxf6 gxf6 13. Kh1 Ke7 14. f4 a6 15. a3 h4 16. Bf3 Qxf4 17. b4 Bd4 18. Ne2 Qe5 19. Rb1 Ba7 20. Bg4 Bb8 21. Nf4 Rhg8 22. h3 Nd4 23. Qd3 Nxc2 24. Rbd1 Rgd8 25. Rf2 Rc3 26. Qd2 Ne3 27. Re1 Nxg4 28. hxg4 Ke8 29. Ref1 Rxa3 30. Rf3 Rxf3 31. Rxf3 Rc8 32. Kg1 Ke7 33. Nd3 Qd4+ 34. Kf1 Qxe4 35. Nc5 Qc4+ 36. Kg1 Bd6 37. Rc3 Bxc5+ 38. bxc5 Qd5 39. Qe3 Qe5 40. Qf3 Rxc5 41. Re3 Qd4 42. Kh2 Qd6+ 43. Kh3 Qg3+ 44. Qxg3 hxg3 0-1


[Site "https://www.chess.com"]

[Event "Titled Tuesday Blitz January 10 Late 2023"]
[White "Makarian, Rudik"]
[Black "Djokic, Mihailo"]
[WhiteFideId "44105681"]
[BlackFideId "976440"]
[WhiteElo "2545"]
[BlackElo "2192"]
[Result "1-0"]
[Round "03"]
[TimeControl "180+2"]
[Date "2023.01.10"]
[WhiteClock "0:00:22"]
[BlackClock "0:00:13"]

1. Nf3 Nf6 2. g3 g6 3. c4 Bg7 4. Nc3 O-O 5. Bg2 d6 6. O-O e5 7. d3 Re8 8. Rb1 a5 9. a3 Nc6 10. b4 axb4 11. axb4 Nd4 12. Bg5 h6 13. Bxf6 Bxf6 14. b5 Bg7 15. e3 Ne6 16. Qc2 Nc5 17. Nd2 Ra3 18. Ra1 Rxa1 19. Rxa1 Bf5 20. Nde4 b6 21. Ra7 Qb8 22. Ra3 Kh7 23. Nd5 Nxe4 24. Bxe4 Be6 25. Qa2 f5 26. Bg2 Kh8 27. Ra7 Bxd5 28. Bxd5 Qd8 29. Bf7 Rf8 30. Bxg6 Qg5 31. Rxc7 Qxg6 32. Rc6 f4 33. Qe2 f3 34. Qd1 e4 35. dxe4 Ra8 36. Qxf3 Rf8 37. Qg2 Qe6 38. h4 Qe5 39. Kh2 Qb2 40. f4 Qc3 41. Qe2 Ra8 42. Rxd6 Qa1 43. Kh3 Qh1+ 44. Kg4 Qxe4 45. Qd3 h5+ 46. Kxh5 Qf5+ 47. Qxf5 1-0


[Site "https://www.chess.com"]

[Event "Titled Tuesday Blitz January 10 Late 2023"]
[White "Indjic, Aleksandar"]
[Black "Fiorito, Joaquin"]
[WhiteFideId "911925"]
[BlackFideId "180173"]
[WhiteElo "2618"]
[BlackElo "2405"]
[Result "1-0"]
[Round "03"]
[TimeControl "180+2"]
[Date "2023.01.10"]
[WhiteClock "0:00:09"]
[BlackClock "0:00:08"]

1. d4 Nf6 2. Nf3 d5 3. Bg5 Ne4 4. Bh4 Bf5 5. Nbd2 c6 6. e3 Qb6 7. Rb1 e6 8. Bd3 Nxd2 9. Nxd2 Bxd3 10. cxd3 Bd6 11. O-O O-O 12. Nf3 Nd7 13. Bg3 Bxg3 14. hxg3 c5 15. dxc5 Nxc5 16. Qc2 Rfc8 17. Rfc1 Qd8 18. Qd2 Qe7 19. Rc2 Nd7 20. Rbc1 Rxc2 21. Qxc2 Qd8 22. Qc7 b6 23. d4 h6 24. Qxd8+ Rxd8 25. Rc7 a5 26. a4 f6 27. Ne1 Kf7 28. Nd3 Ke7 29. Rc6 Rb8 30. Nf4 Nf8 31. Rc7+ Nd7 32. Rc6 Nf8 33. Kf1 Kd7 34. Rc2 b5 35. axb5 Rxb5 36. Nh5 Ke7 37. Nxg7 Nd7 38. Nh5 Nb6 39. Rc7+ Kd6 40. Ra7 Nc4 41. Nxf6 Rxb2 42. Ra6+ Ke7 43. Nh5 Rb1+ 44. Ke2 Rb2+ 45. Kf3 Rb6 46. Ra7+ Kd6 47. Nf4 Nd2+ 48. Kg4 Ne4 49. f3 Nc3 50. Nd3 Nb5 51. Rxa5 Nc7 52. Ra7 Rb3 53. Ne5 Rxe3 54. Kh5 Re2 55. Kxh6 Rxg2 56. g4 Rd2 57. Ra4 Nb5 58. Ra6+ Ke7 59. Ra4 Nxd4 60. Rxd4 Rh2+ 61. Kg5 Kd6 62. f4 Rh8 63. Rd1 Rg8+ 64. Ng6 e5 65. fxe5+ Ke6 66. Rd2 Rc8 67. Rf2 Rg8 68. Rf6+ Kd7 69. Rd6+ 1-0


[Site "https://www.chess.com"]

[Event "Titled Tuesday Blitz January 10 Late 2023"]
[White "Martins, Bruno Andre Leite"]
[Black "Abdrlauf, Elham"]
[WhiteFideId "1942255"]
[BlackFideId "1533533"]
[WhiteElo "2348"]
[BlackElo "2518"]
[Result "1-0"]
[Round "03"]
[TimeControl "180+2"]
[Date "2023.01.10"]
[WhiteClock "0:00:06"]
[BlackClock "0:00:03"]

1. e4 c6 2. Nf3 d5 3. Nc3 dxe4 4. Nxe4 Nf6 5. Qe2 Nxe4 6. Qxe4 Nd7 7. Bc4 Nf6 8. Qe2 Bf5 9. Ne5 e6 10. g4 Bg6 11. h4 Qd4 12. c3 Qe4 13. f3 Qxe2+ 14. Bxe2 Bd6 15. d4 h5 16. Nxg6 fxg6 17. g5 Nd5 18. Bd3 Kf7 19. Be4 Ne7 20. Be3 Nf5 21. Bf2 Rhe8 22. O-O-O Bf4+ 23. Kb1 Rad8 24. Rde1 Bg3 25. Bxg3 Nxg3 26. Rhg1 Nf5 27. Bxf5 gxf5 28. Re5 Rd5 29. Rge1 Rxe5 30. Rxe5 Ke7 31. Kc2 Kd6 32. Kd3 b6 33. b4 Ra8 34. a4 a6 35. c4 g6 36. Ke3 Rb8 37. Kf4 Kd7 38. b5 axb5 39. cxb5 Rc8 40. bxc6+ Rxc6 41. Rb5 Ke7 42. Ke5 Rd6 43. a5 bxa5 44. Rxa5 Rd7 45. d5 exd5 46. Rxd5 Ra7 47. Rb5 Kf7 48. Rc5 Re7+ 49. Kf4 Rd7 50. Re5 Rd6 51. Re3 Rd4+ 52. Ke5 Rxh4 53. Rb3 Rh3 54. Rb7+ Ke8 55. f4 Rf3 56. Rg7 h4 57. Rxg6 h3 58. Rh6 Kf7 59. Kxf5 Rg3 60. Rh7+ Kg8 61. Kg6 Kf8 62. f5 Kg8 63. Rh5 Kf8 64. f6 Ke8 65. Rh8+ Kd7 66. f7 h2 67. Rxh2 1-0


[Site "https://www.chess.com"]

[Event "Titled Tuesday Blitz January 10 Late 2023"]
[White "Denishev, Marat"]
[Black "Fernandez Guillen, Ernesto J."]
[WhiteFideId "24131563"]
[BlackFideId "3512428"]
[WhiteElo "2255"]
[BlackElo "2477"]
[Result "0-1"]
[Round "03"]
[TimeControl "180+2"]
[Date "2023.01.10"]
[WhiteClock "0:00:07"]
[BlackClock "0:00:11"]

1. d4 Nf6 2. Nf3 g6 3. c4 Bg7 4. Nc3 O-O 5. e4 d6 6. Be2 e5 7. d5 Nbd7 8. Bg5 a5 9. Nd2 h6 10. Be3 Ne8 11. O-O f5 12. f3 f4 13. Bf2 g5 14. a3 Rf7 15. b4 Bf8 16. Nb3 a4 17. Nd2 h5 18. Nxa4 Rg7 19. c5 Qf6 20. c6 bxc6 21. dxc6 Nb8 22. b5 g4 23. fxg4 hxg4 24. Nc3 Qh6 25. g3 Qh3 26. Re1 Rh7 27. Nf1 Kh8 28. a4 Nf6 29. Qd3 Nxc6 30. bxc6 Ba6 31. Nb5 f3 32. Bxf3 gxf3 33. Qxf3 Ng4 34. Qg2 Qh5 35. h4 Bh6 36. Ne3 Nxe3 37. Bxe3 Bxe3+ 38. Rxe3 Bxb5 39. Kh2 Bxc6 40. Rc1 Be8 41. Rec3 c5 42. Qd2 Qh6 43. Qc2 Bxa4 44. Qd3 Bd7 45. R3c2 Qe6 46. Kg1 Rg8 47. Rg2 Rhg7 48. Rd1 Bc6 49. Qf3 Qg4 50. Qf6 Bxe4 51. Qh6+ Rh7 52. Qf6+ Qg7 53. Qxg7+ Rhxg7 0-1


[Site "https://www.chess.com"]

[Event "Titled Tuesday Blitz January 10 Late 2023"]
[White "Boruchovsky, Avital"]
[Black "Fisher_TheGalactic"]
[WhiteFideId "2800055"]
[WhiteElo "2539"]
[BlackElo "2556"]
[Result "1-0"]
[Round "03"]
[TimeControl "180+2"]
[Date "2023.01.10"]
[WhiteClock "0:00:15"]
[BlackClock "0:00:03"]

1. c4 e6 2. Nc3 d5 3. d4 Nf6 4. cxd5 exd5 5. Bg5 Be7 6. e3 O-O 7. Qc2 h6 8. Bh4 c6 9. Bd3 Be6 10. Nge2 Nfd7 11. Bg3 c5 12. Bh7+ Kh8 13. Bf5 Nc6 14. Bxe6 fxe6 15. Nf4 Rf6 16. dxc5 Nxc5 17. O-O Rc8 18. Rad1 Qe8 19. Qe2 Rd8 20. a3 Qf7 21. b4 Nd7 22. Nd3 a6 23. Qa2 Qg6 24. Rfe1 Rdf8 25. e4 d4 26. e5 Rf5 27. Ne2 Bg5 28. h4 Bd8 29. Nef4 Qf7 30. Qxe6 Ncxe5 31. Nxe5 Nxe5 32. Rxe5 Rxe5 33. Qxf7 Rxf7 34. Ng6+ Kh7 35. Nxe5 Rf5 36. Rxd4 Bf6 37. Re4 b5 38. Nf3 Rd5 39. Re6 a5 40. bxa5 Rd3 41. Be5 Bd8 42. Rd6 Rxd6 43. Bxd6 Bxa5 44. Nd4 Bc3 45. Nxb5 Bb2 46. a4 Kg6 47. a5 Kf6 48. a6 Ke6 49. a7 Kd5 50. a8=Q+ 1-0


[Site "https://www.chess.com"]

[Event "Titled Tuesday Blitz January 10 Late 2023"]
[White "Corrales Jimenez, Fidel"]
[Black "Manukyan, Sargis A."]
[WhiteFideId "3506690"]
[BlackFideId "13303970"]
[WhiteElo "2489"]
[BlackElo "2158"]
[Result "1-0"]
[Round "03"]
[TimeControl "180+2"]
[Date "2023.01.10"]
[WhiteClock "0:00:57"]
[BlackClock "0:00:05"]

1. c4 Nf6 2. Nf3 e6 3. g3 d5 4. Bg2 Be7 5. O-O O-O 6. b3 c5 7. cxd5 Nxd5 8. d4 Nc6 9. Bb2 Bf6 10. e4 Nc7 11. e5 Be7 12. dxc5 Bxc5 13. Nc3 a6 14. Ne4 Be7 15. h4 h6 16. Qe2 Nd5 17. Rfd1 Qa5 18. a3 Rd8 19. b4 Qb6 20. Nd6 Bxd6 21. exd6 Rxd6 22. Nd2 Rd8 23. Nc4 Qc7 24. Rac1 Qe7 25. Bxd5 exd5 26. Qxe7 Nxe7 27. Nb6 Bg4 28. Re1 Nc6 29. Nxa8 Rxa8 30. Kg2 Be6 31. Red1 h5 32. Bd4 Kf8 33. f3 g6 34. Bb6 Ke7 35. a4 Kf8 36. Bc5+ Kg7 37. Re1 Kf6 38. Kf2 Rb8 39. b5 axb5 40. axb5 Na5 41. Bd4+ Ke7 42. Rc7+ Kd8 43. Bb6 Ke8 44. Bxa5 b6 45. Bb4 Ra8 46. Ke3 Ra4 47. Bc3 Ra3 48. Kd4 Kd8 49. Rc6 Ra4+ 50. Ke5 Ke7 51. Rc7+ Kd8 52. Kd6 Ra3 53. g4 hxg4 54. fxg4 d4 55. Bd2 Rd3 56. Bg5+ Ke8 57. Ra1 Kf8 58. Bf6 1-0


[Site "https://www.chess.com"]

[Event "Titled Tuesday Blitz January 10 Late 2023"]
[White "Preotu, Razvan"]
[Black "Mendez Fortes, Eduardo Jesus"]
[WhiteFideId "2613280"]
[BlackFideId "3502376"]
[WhiteElo "2475"]
[BlackElo "2250"]
[Result "1-0"]
[Round "03"]
[TimeControl "180+2"]
[Date "2023.01.10"]
[WhiteClock "0:00:37"]
[BlackClock "0:00:31"]

1. e4 e5 2. Nf3 Nc6 3. Bc4 Nf6 4. d3 Bc5 5. c3 d6 6. O-O O-O 7. Re1 Bb6 8. h3 Ne7 9. d4 Ng6 10. Bd3 c6 11. Be3 Bc7 12. Nbd2 b5 13. a4 Bd7 14. dxe5 dxe5 15. Nb3 a5 16. Nc5 h6 17. Bf1 bxa4 18. Qxa4 Bd6 19. Red1 Qc7 20. Nxd7 Nxd7 21. b4 axb4 22. Qxa8 Rxa8 23. Rxa8+ Kh7 24. Ra7 Qb8 25. Rxd7 b3 26. R7xd6 b2 27. Rxc6 b1=Q 28. Rxb1 Qxb1 29. Nd2 Qc2 30. g3 Nf8 31. Rc7 f6 32. Bc4 Kg6 33. Bf7+ Kh7 34. h4 Qa4 35. Rc8 Nd7 36. h5 g5 37. hxg6+ Kg7 38. Rg8# 1-0


[Site "https://www.chess.com"]

[Event "Titled Tuesday Blitz January 10 Late 2023"]
[White "Jaracz, Pawel"]
[Black "Tokhirjonova, Gulrukhbegim"]
[WhiteFideId "1102222"]
[BlackFideId "14203626"]
[WhiteElo "2467"]
[BlackElo "2340"]
[Result "1-0"]
[Round "03"]
[TimeControl "180+2"]
[Date "2023.01.10"]
[WhiteClock "0:00:07"]
[BlackClock "0:00:08"]

1. Nf3 d5 2. d4 Nf6 3. Bf4 c5 4. e3 Nc6 5. c3 e6 6. Nbd2 Bd6 7. Bg3 O-O 8. Bd3 Qe7 9. Ne5 cxd4 10. exd4 Nd7 11. f4 f6 12. Nxd7 Bxd7 13. O-O Rae8 14. Qc2 g6 15. Nf3 Qg7 16. Rae1 a6 17. a3 b5 18. a4 b4 19. Bxa6 bxc3 20. bxc3 Qh6 21. Bb5 Rc8 22. Qd3 Rfd8 23. Ra1 Bxf4 24. Bxf4 Qxf4 25. Bxc6 Bxc6 26. Ne5 Qg5 27. Nxc6 Rxc6 28. a5 Rdc8 29. Ra3 f5 30. a6 Qd8 31. a7 Ra8 32. Rfa1 Qc7 33. Qb5 Kg7 34. h3 Kh6 35. Qd3 g5 36. Qe3 Kg6 37. Ra6 h6 38. c4 dxc4 39. d5 exd5 40. Qd4 Qd6 41. Rxc6 Qxc6 42. Ra5 c3 43. Rxd5 c2 44. Rd6+ Qxd6 45. Qxd6+ Kh5 46. Qc7 Rxa7 47. Qxc2 Rf7 48. Kh2 Kg6 49. Qc6+ Rf6 50. Qe8+ Kg7 51. Kg3 Rf7 52. Qe5+ Rf6 53. Kf3 Kg6 54. Qe8+ Kg7 55. Ke3 Rf7 56. Kd4 Kg6 57. Ke5 Kg7 58. Ke6 Rf6+ 59. Ke5 Rf7 60. Qe6 f4 61. Ke4 h5 62. Qe5+ Kg6 63. Qe6+ Rf6 64. Qe8+ Kg7 65. Qxh5 Rg6 66. Kf5 Rf6+ 67. Kxg5 Rf5+ 68. Kxf5 1-0


[Site "https://www.chess.com"]

[Event "Titled Tuesday Blitz January 10 Late 2023"]
[White "Pham, Khoi"]
[Black "Yuan, Qingyu"]
[WhiteFideId "1054988"]
[BlackFideId "8609772"]
[WhiteElo "2355"]
[BlackElo "2373"]
[Result "1-0"]
[Round "03"]
[TimeControl "180+2"]
[Date "2023.01.10"]
[WhiteClock "0:00:10"]
[BlackClock "0:00:03"]

1. d4 d5 2. c4 e6 3. Nc3 Be7 4. cxd5 exd5 5. Bf4 c6 6. e3 Bf5 7. Bd3 Bxd3 8. Qxd3 Nf6 9. Nf3 Nbd7 10. O-O Nh5 11. Bg3 O-O 12. Rab1 a5 13. a3 Nxg3 14. hxg3 Re8 15. b4 b5 16. e4 dxe4 17. Nxe4 axb4 18. axb4 Nb6 19. Qc2 Qd5 20. Rfe1 Ra2 21. Qb3 Kf8 22. Ne5 Qxb3 23. Rxb3 Rc2 24. Nc5 Rc8 25. Rbe3 f6 26. Ned7+ Kg8 27. Rxe7 Nd5 28. R7e2 Nxb4 29. Rxc2 Nxc2 30. Rd1 Nb4 31. Ne4 Rd8 32. Ndc5 Nc2 33. Ne6 Rd7 34. N4c5 Ra7 35. d5 cxd5 36. Rxd5 b4 37. Rd8+ Kf7 38. Rb8 Ra1+ 39. Kh2 g5 40. g4 Re1 41. Rb7+ Ke8 42. Kg3 Re5 43. Rxh7 b3 44. Rb7 Na1 45. f3 Rd5 46. Ne4 Rd7 47. Nxf6+ Ke7 48. Nxd7 Kxe6 49. Nc5+ Kd5 50. Nxb3 Kc6 51. Rb8 Kc7 52. Rb4 Nxb3 53. Rxb3 1-0


[Site "https://www.chess.com"]

[Event "Titled Tuesday Blitz January 10 Late 2023"]
[White "Bryakin, Mikhail"]
[Black "Kaplan, Avi Harrison"]
[WhiteFideId "4165314"]
[BlackFideId "30934559"]
[WhiteElo "2455"]
[BlackElo "2146"]
[Result "1-0"]
[Round "03"]
[TimeControl "180+2"]
[Date "2023.01.10"]
[WhiteClock "0:00:11"]
[BlackClock "0:00:02"]

1. e4 c5 2. Nf3 d6 3. Bb5+ Nd7 4. O-O a6 5. Bxd7+ Bxd7 6. d4 cxd4 7. Qxd4 Nf6 8. b3 Rc8 9. c4 e5 10. Qe3 Be7 11. Nc3 O-O 12. a4 Qc7 13. Ba3 Rfd8 14. Rac1 h6 15. Rfd1 Be6 16. Nd2 Ng4 17. Qe2 Qb6 18. h3 Nf6 19. Qe3 Qxe3 20. fxe3 Nd7 21. Kf2 Nc5 22. Ke2 b6 23. b4 Nd7 24. Nd5 Bxd5 25. cxd5 b5 26. a5 Nf6 27. Kd3 Kf8 28. Bb2 Ke8 29. Nf1 g6 30. g4 Kd7 31. Nh2 Rc7 32. Rxc7+ Kxc7 33. Nf3 Kd7 34. Bxe5 dxe5 35. Nxe5+ Ke8 36. Nc6 Rc8 37. Kd4 Nd7 38. Rb1 Nb8 39. Nxb8 Rxb8 40. e5 Rc8 41. d6 Bg5 42. e4 Rc4+ 43. Kd5 Be3 44. Rb3 Bg1 45. e6 fxe6+ 46. Kxe6 Rxe4+ 47. Kd5 Rc4 48. Rb1 Bd4 49. Re1+ Kd8 50. Re6 Rxb4 51. Rxg6 Bc3 52. Rxh6 Rd4+ 53. Ke6 Re4+ 54. Kd5 Rd4+ 55. Kc5 b4 56. Rh8+ Kd7 57. Rh7+ Kd8 58. Rb7 Rd3 59. g5 Rxh3 60. Kc6 Ke8 61. Rb8+ Kf7 62. d7 Rd3 63. d8=Q Rxd8 64. Rxd8 Kg6 65. Rb8 Kxg5 66. Kb6 Kf5 67. Kxa6 Ke6 68. Rb5 Kd6 69. Kb7 Kd7 70. a6 b3 71. Rxb3 Be5 72. a7 Ke6 73. a8=Q Kf5 74. Qe8 Bf4 75. Rb5+ Kg4 76. Qe4 Kg3 77. Rb3+ Kh4 78. Qxf4+ Kh5 79. Rh3+ Kg6 80. Rh6+ Kg7 81. Qf6+ Kg8 82. Rh8# 1-0


[Site "https://www.chess.com"]

[Event "Titled Tuesday Blitz January 10 Late 2023"]
[White "Hansen, Torbjorn Ringdal"]
[Black "Duda, Jan-Krzysztof"]
[WhiteFideId "1501720"]
[BlackFideId "1170546"]
[WhiteElo "2432"]
[BlackElo "2724"]
[Result "1-0"]
[Round "03"]
[TimeControl "180+2"]
[Date "2023.01.10"]
[WhiteClock "0:00:21"]
[BlackClock "0:00:13"]

1. c4 d6 2. g3 g6 3. Bg2 Bg7 4. Nc3 e5 5. Nf3 f5 6. d3 Nd7 7. O-O Nh6 8. Rb1 Nf7 9. e4 O-O 10. b4 f4 11. Bb2 g5 12. Re1 g4 13. Nd2 f3 14. Bf1 Ng5 15. Nd5 Ne6 16. c5 h5 17. Nc4 dxc5 18. bxc5 Nd4 19. Bxd4 exd4 20. c6 bxc6 21. Nf4 Qe8 22. e5 Rxf4 23. gxf4 Nf8 24. Nd2 Bf5 25. Ne4 Ne6 26. Ng3 Qg6 27. Rc1 c5 28. Qb3 Kh7 29. Qd5 Rf8 30. Nxf5 Rxf5 31. Rxc5 Nxc5 32. Qxc5 Qb6 33. Qd5 c5 34. Qd7 Qg6 35. e6 Rf8 36. e7 Re8 37. Re6 Qf7 38. h3 Bh6 39. hxg4 hxg4 40. Qd6 Bxf4 41. Qd5 Kg7 42. Qe4 Rh8 43. e8=Q Bh2+ 44. Kh1 Rxe8 45. Rxe8 Bd6 46. Qxg4+ Kh7 47. Re6 Bf4 48. Qh4+ Kg8 49. Qg4+ Kf8 50. Bh3 Bc7 51. Rc6 Qe7 52. Qc8+ Bd8 53. Re6 Qh4 54. Qxc5+ Kf7 55. Qf5+ Bf6 56. Rxf6+ Qxf6 57. Qxf6+ Kxf6 58. Bg4 Kg5 59. Bxf3 Kf4 60. Kg2 a5 61. Be4 Kg5 62. Kg3 a4 63. f4+ Kf6 64. Kg4 a3 65. f5 Ke5 66. Kg5 Kd6 67. f6 Kc5 68. Kg6 Kb4 69. f7 Kc3 70. f8=Q Kb2 71. Qf7 Ka1 72. Qc4 Kb1 73. Kf5 Ka1 74. Kf4 Kb1 75. Kf3 Kb2 76. Ke2 Kb1 77. Kd2 Kb2 78. Qc2+ Ka1 79. Qc1+ Kxa2 80. Bd5# 1-0


[Site "https://www.chess.com"]